 Dungeon Crawl Stone Soup version 0.29.1-12-g30fa7ad0bf (webtiles) character file.

Game seed: 4134281090799733885

38897 Labrat the Destroyer (level 13, -12/112 HPs)
             Began as a Demigod Conjurer on Dec 23, 2022.
             Mangled by a death yak (17 damage)
             ... on level 4 of the Lair of Beasts.
             The game lasted 01:05:38 (24031 turns).

Labrat the Destroyer (Demigod Conjurer)            Turns: 24031, Time: 01:05:39

Health: -12/112    AC:  6    Str: 11    XL:     13   Next: 32%
Magic:  21/33      EV: 12    Int: 42    God:
Gold:   1473       SH:  8    Dex: 16    Spells: 29/36 levels left

rFire   + . .      SeeInvis .   B - +4 sling of Pocuuc {vorpal, rPois Dex+4}
rCold   + . .      Faith    .   f - +1 kite shield {rC+}
rNeg    . . .      Spirit   .   U - +1 robe {Will+}
rPois   +          Reflect  .   (no helmet)
rElec   .          Harm     .   t - +0 cloak
rCorr   +          Rampage  +   G - +0 pair of gloves
Will    ++...      Archmagi +   g - +0 pair of boots
Stlth   ++........              a - amulet of Saera {RegenMP Rampage rF+ rCorr Str+3}
HPRegen 0.28/turn               C - ring of the Mage {Wiz Archmagi}
MPRegen 0.63/turn               Y - +6 ring of intelligence

@: studying 2 skills
A: high MP 1, forlorn, divine attributes
a: no special abilities


You were on level 4 of the Lair of Beasts.
You visited 3 branches of the dungeon, and saw 16 of its levels.
You also visited: Sewer, Ossuary, Bailey and Ice Cave.

You collected 1473 gold pieces.

Inventory:

Hand Weapons
 B - the +4 sling of Pocuuc (weapon) {vorpal, rPois Dex+4}
   (You found it on level 4 of the Dungeon)

   Any ammunition fired from it inflicts extra damage upon your enemies.
   Dex:       It affects your dexterity (+4).
   rPois:     It protects you from poison.
 P - the +7 shortbow "Ceidiaj" {venom, rPois rC- Str+4 SInv}
   (You found it on level 7 of the Dungeon)

   Any ammunition fired from it poisons the flesh of those it strikes.
   Str:       It affects your strength (+4).
   rC:        It makes you vulnerable to cold.
   rPois:     It protects you from poison.
   SInv:      It lets you see invisible.
Missiles
 R - 19 curare-tipped darts
Armour
 f - a +1 kite shield of cold resistance (worn)
 g - a +0 pair of boots (worn)
 r - the +10 chain mail "Gumpof Xiliy" {rF+ rC+}
   (You found it on level 1 of the Lair of Beasts)

   rF:        It protects you from fire.
   rC:        It protects you from cold.
 t - a +0 cloak (worn)
 G - a +0 pair of gloves (worn)
 S - the +5 ring mail of a sewer {rPois rF- rN+}
   (You took it off a kobold in a bailey)

   rF:        It makes you vulnerable to fire.
   rPois:     It protects you from poison.
   rN:        It protects you from negative energy.
 U - a +1 robe of willpower (worn)
Jewellery
 a - the amulet of Saera (around neck) {RegenMP Rampage rF+ rCorr Str+3}
   (You found it on level 8 of the Dungeon)

   [amulet of magic regeneration]

   It increases your rate of magic regeneration.
   Str:       It affects your strength (+3).
   rF:        It protects you from fire.
   rCorr:     It protects you from acid and corrosion.
   Rampage:   It bestows one free step when moving towards enemies.
 C - the ring of the Mage (left hand) {Wiz Archmagi}
   (You found it on level 4 of the Dungeon)

   [ring of wizardry]

   It improves your spell success rate.
   Archmagi:  It increases the power of your magical spells.
 L - an amulet of reflection
 V - a ring of willpower
 Y - a +6 ring of intelligence (right hand)
Wands
 I - a wand of quicksilver (7)
 J - a wand of charming (22)
 N - a wand of flame (14)
 O - a wand of roots (10)
Scrolls
 c - a scroll of summoning {unknown}
 d - 2 scrolls of fog
 e - 5 scrolls of teleportation
 j - 2 scrolls of immolation
 k - 4 scrolls of enchant weapon
 q - 4 scrolls of magic mapping
 s - 2 scrolls of enchant armour
 u - 3 scrolls of poison
 w - 2 scrolls of blinking {unknown}
 y - 3 scrolls of vulnerability
 z - a scroll of torment {unknown}
 A - a scroll of acquirement {unknown}
 F - a scroll of brand weapon {unknown}
 K - a scroll of amnesia {unknown}
 T - 2 scrolls of silence {unknown}
 W - 2 scrolls of fear {unknown}
Potions
 b - 3 potions of magic
 h - 8 potions of curing
 i - 2 potions of resistance
 l - a potion of attraction {unknown}
 m - a potion of cancellation {unknown}
 n - a potion of invisibility {unknown}
 o - 4 potions of haste {unknown}
 p - 10 potions of heal wounds
 v - 2 potions of brilliance {unknown}
 x - 3 potions of berserk rage {unknown}
 D - 3 potions of degeneration {unknown}
 E - 2 potions of flight {unknown}
 Q - 5 potions of ambrosia {unknown}
 X - a potion of mutation {unknown}
 Z - 2 potions of might {unknown}
Miscellaneous
 H - a lightning rod (4/4)
 M - a phantom mirror


   Skills:
 + Level 9.7 Fighting
 - Level 3.0 Armour
 - Level 5.0 Dodging
 - Level 1.7 Stealth
 - Level 12.0 Spellcasting
 - Level 12.0 Conjurations
 - Level 3.0 Translocations
 + Level 7.4 Evocations


You had 29 spell levels left.
You knew the following spells:

 Your Spells              Type           Power      Damage    Failure   Level
a - Magic Dart            Conj           100%       1d8       1%          1
b - Searing Ray           Conj           100%       2d8       1%          2
c - Iskenderun's Mystic   Conj/Tloc      93%        2d18      1%          4

Your spell library contained the following spells:

 Spells                   Type           Power      Damage    Failure   Level
 Foxfire                  Conj/Fire      100%       2x1d9     1%          1
 Freeze                   Ice            100%       1d11      1%          1
 Blink                    Tloc           100%       N/A       1%          2
 Conjure Flame            Conj/Fire      85%        6-21      1%          3
 Dazzling Flash           Conj/Hex       100%       N/A       1%          3
 Gell's Gravitas          Tloc           66%        N/A       1%          3
 Teleport Other           Tloc           66%        N/A       1%          3
 Flame Wave               Conj/Fire      85%        2d18      1%          4
 Fulminant Prism          Conj/Hex       42%        3d20      1%          4
 Portal Projectile        Hex/Tloc       100%       N/A       3%          3
 Inner Flame              Hex/Fire       37%        N/A       6%          3
 Tukima's Dance           Hex            37%        N/A       6%          3
 Manifold Assault         Tloc           66%        N/A       16%         5
 Summon Ice Beast         Ice/Summ       37%        N/A       17%         4
 Blade Hands              Tmut           18%        N/A       43%         5
 Dispersal                Tloc           33%        N/A       58%         6
 Ozocubu's Refrigeration  Ice            18%        4d11      100%        7
 Storm Form               Tmut/Air       18%        N/A       100%        7


Dungeon Overview and Level Annotations

Branches:
Dungeon (11/15)            Temple (1/1) D:5            Lair (4/5) D:11
  Swamp (0/4) Lair:2        Snake (0/4) Lair:3          Orc (0/2) D:10
  Sewer (visited)         Ossuary (visited)          Bailey (visited)
  IceCv (visited)
  Slime: Lair:4-5

Shops:
D:1 *   D:3 =   D:10 (


Innate Abilities, Weirdness & Mutations

You have an increased reservoir of magic. (+10% MP)
You shall have no god before yourself.
Your divine heritage dramatically boosts your attributes as you level up.


Message History

The mystic blast hits the cane toad!!
You kill the cane toad!
The mystic blast hits the blink frog!
The blink frog is severely wounded.
The blink frog is knocked back by the mystic blast.
The mystic blast hits the cane toad!!
You kill the cane toad!
The mystic blast hits the death yak!!
The death yak is heavily wounded.
The death yak is knocked back by the mystic blast.
The mystic blast hits the death yak!
The death yak is moderately wounded.
You hear a roar!
The death yak closely misses you.
Unknown command.
Unknown command.
Unknown command.
Casting: Iskenderun's Mystic Blast (mildly dangerous; 1% risk of failure)
Confirm with . or Enter, or press ? or * to list all spells.
You feel a surge of power!
You erupt in a blast of force!
The mystic blast hits the catoblepas.
The catoblepas is lightly wounded.
The catoblepas is knocked back by the mystic blast.
The mystic blast hits the death yak.
The death yak is moderately wounded.
The death yak is knocked back by the mystic blast.
You hear a bellow!
A death yak comes into view.
You hear a bellow!
Unknown command.
Unknown command.
The blink frog stops moving altogether!
The death yak gores you!!
Unknown command.
The death yak attacks as you move away! The death yak gores you!!
* * * LOW HITPOINT WARNING * * *
A polar bear, a bullfrog and a death yak come into view.
The death yak gores you!!
* * * LOW HITPOINT WARNING * * *
The death yak gores you!
You die...

...........
.......... .h.
.......... ..
F........# ##F.
#..[..†..###..
#.....$..##.#
#....†.#.F#Y##
#.....$†÷YY..##
##...#÷§.#@...#
###.....YY<..#
#...#.†.h...#
#.##..F......#
## ##.........#
##..[......#
##..........
#..........
###.P.$....


You could see 4 death yaks, a catoblepas, 2 polar bears, 2 blink frogs and a
bullfrog.

Vanquished Creatures
  A reaper (IceCv)
  Erolcha (D:10)
  A boulder beetle (Lair:3)
  4 hydras
  Erica (Lair:1)
  A centaur warrior (D:8)
  A two-headed ogre (D:10)
  Sonja (D:11)
  Lodul (D:10)
  Pikel (D:5)
  4 oklob plants (Lair:1)
  3 black mambas
  An ice statue (IceCv)
  7 cane toads
  A gargoyle (D:10)
  Maggie (D:9)
  A rime drake (Lair:1)
  3 kobold demonologists
  Psyche (D:8)
  An anaconda simulacrum (IceCv)
  6 komodo dragons
  A troll (D:11)
  12 blink frogs
  A shadow (D:10)
  2 vampires
  5 dire elephant simulacra (IceCv)
  6 basilisks
  Grum (D:11)
  37 yaks
  3 wyverns
  6 vampire mosquitoes
  An acid dragon (D:8)
  A swamp worm (Lair:2)
  Menkaure (D:5)
  A death yak simulacrum (IceCv)
  4 nagas (Lair:3)
  2 hydra simulacra (IceCv)
  11 orc warriors
  7 water moccasins
  3 black bears
  A sky beast (D:7)
  3 ice beasts
  13 ogres
  13 wolves
  5 centaurs
  A lemure (D:5)
  10 kobold brigands
  15 bullfrogs
  A necrophage (D:6)
  Blork the orc (D:5)
  12 scorpions
  3 two-headed ogre simulacra (IceCv)
  5 wights
  2 elephant simulacra (IceCv)
  17 killer bees
  2 howler monkeys
  4 human zombies (Ossuary)
  3 centaur zombies (Ossuary)
  6 hounds
  2 gnoll boudas
  7 orc priests
  3 iguanas
  8 orc wizards
  5 scorpion zombies (Ossuary)
  4 polar bear simulacra (IceCv)
  4 spriggan simulacra (IceCv)
  A wolf simulacrum (IceCv)
  4 troll simulacra (IceCv)
  3 mummies (Ossuary)
  4 adders
  7 gnolls (D:7)
  8 naga simulacra (IceCv)
  5 river rats (Sewer)
  8 white imps
  7 ufetubi (IceCv)
  A worm (D:2)
  3 dart slugs
  66 orcs
  4 bats
  7 endoplasms
  11 giant cockroaches
  4 goblins
  3 hobgoblins
  6 jackals
  29 kobolds
  6 quokkas
  10 ball pythons
  7 frilled lizards
  2 goblin zombies (Ossuary)
  A hobgoblin zombie (Ossuary)
  An orc zombie (Ossuary)
  12 rats
517 creatures vanquished.

Vanquished Creatures (others)
  A wizard (D:9)
  9 fungi
  31 plants
41 creatures vanquished.

Grand Total: 558 creatures vanquished

Notes
Turn   | Place    | Note
-------+----------+-------------------------------------------
     0 | D:1      | Labrat the Demigod Conjurer began the quest for the Orb.
     0 | D:1      | Reached XP level 1. HP: 14/14 MP: 5/5
    11 | D:1      | Found Booses's Assorted Antiques.
   383 | D:1      | Reached XP level 2. HP: 20/20 MP: 4/7
  1513 | D:2      | Reached XP level 3. HP: 21/26 MP: 1/9
  1516 | D:2      | Learned a level 2 spell: Searing Ray
  2736 | D:3      | Noticed a black bear
  2752 | D:2      | Reached XP level 4. HP: 10/33 MP: 0/11
  2916 | D:3      | Found a glowing drain.
  2955 | Sewer    | Entered a sewer
  3124 | Sewer    | Noticed a kobold brigand
  3142 | Sewer    | Killed a kobold brigand
  3143 | Sewer    | Reached skill level 5 in Conjurations
  3143 | Sewer    | Reached XP level 5. HP: 26/38 MP: 2/13
  4164 | D:3      | Killed a black bear
  4165 | D:3      | Reached XP level 6. HP: 41/45 MP: 6/15
  4356 | D:3      | Found Gesugotz's Jewellery Boutique.
  4772 | D:4      | Found a sand-covered staircase.
  4777 | Ossuary  | Entered an ossuary
  5093 | Ossuary  | Reached skill level 5 in Spellcasting
  5093 | Ossuary  | Reached XP level 7. HP: 48/50 MP: 8/17
  5439 | Ossuary  | HP: 2/50 [scorpion zombie (3)]
  6019 | Ossuary  | Reached XP level 8. HP: 33/57 MP: 2/20
  6459 | D:4      | Identified the +4 sling of Pocuuc {vorpal, rPois Dex+4}
  6510 | D:4      | Found the ring of the Mage {Wiz Archmagi}
  6530 | D:4      | Learned a level 4 spell: Iskenderun's Mystic Blast
  6932 | D:5      | Entered Level 5 of the Dungeon
  6939 | D:5      | Reached skill level 1 in Translocations
  6942 | D:5      | Noticed Menkaure
  6946 | D:5      | Killed Menkaure
  7622 | D:5      | Noticed Blork the orc
  7625 | D:5      | Killed Blork the orc
  7670 | D:5      | Found a staircase to the Ecumenical Temple.
  7680 | Temple   | Entered the Ecumenical Temple
  7750 | D:5      | Noticed Pikel
  7776 | D:5      | Killed Pikel
  8428 | D:5      | Reached XP level 9. HP: 62/62 MP: 19/24
  8632 | D:6      | Reached skill level 1 in Fighting
  9395 | D:6      | Identified the +1 flail "Abycs" {drain, *Rage rCorr SInv}
  9623 | D:7      | Reached skill level 5 in Fighting
  9624 | D:7      | Reached skill level 1 in Evocations
  9829 | D:7      | Identified the +7 shortbow "Ceidiaj" {venom, rPois rC-
                  | Str+4 SInv}
 10445 | D:8      | Found a flagged portal.
 10834 | Bailey   | Entered a bailey
 10886 | Bailey   | Identified the +5 ring mail of a sewer {rPois rF- rN+}
 10899 | Bailey   | Reached XP level 10. HP: 81/81 MP: 18/26
 10906 | Bailey   | Reached skill level 5 in Evocations
 11150 | D:8      | Noticed Psyche
 11159 | D:8      | Killed Psyche
 11165 | D:8      | Noticed a centaur warrior
 11188 | D:8      | Killed a centaur warrior
 11575 | D:8      | Identified the amulet of Saera {RegenMP Rampage rF+ rCorr
                  | Str+3}
 12724 | D:9      | Noticed Maggie
 12745 | D:9      | Killed Maggie
 12922 | D:9      | Noticed a wizard
 12928 | D:9      | Killed a wizard
 13008 | D:10     | Entered Level 10 of the Dungeon
 13008 | D:10     | Noticed Lodul
 13111 | D:10     | Noticed a two-headed ogre
 13118 | D:10     | Killed a two-headed ogre
 13205 | D:10     | Reached skill level 10 in Conjurations
 13205 | D:10     | Reached XP level 11. HP: 86/86 MP: 24/29
 13268 | D:10     | Found Oshypop's Weapon Shop.
 13354 | D:10     | Noticed a sixfirhy
 13355 | D:10     | Noticed Erolcha
 13362 | D:10     | Killed Erolcha
 13512 | D:10     | Reached skill level 10 in Spellcasting
 14844 | D:10     | Found a staircase to the Orcish Mines.
 14946 | D:10     | Killed Lodul
 15636 | D:11     | Found a staircase to the Lair.
 15735 | D:11     | Noticed Grum
 15739 | D:11     | Killed Grum
 15900 | D:11     | Noticed Sonja
 15905 | D:11     | Killed Sonja
 16720 | Lair:1   | Entered Level 1 of the Lair of Beasts
 17123 | Lair:1   | Reached XP level 12. HP: 94/94 MP: 27/32
 17278 | Lair:1   | Noticed Erica
 17284 | Lair:1   | Killed Erica
 18071 | Lair:1   | Identified the +10 chain mail "Gumpof Xiliy" {rF+ rC+}
 19369 | Lair:2   | Reached skill level 1 in Armour
 19844 | Lair:2   | Noticed a four-headed hydra
 19851 | Lair:2   | Killed a four-headed hydra
 19927 | Lair:2   | Noticed an eight-headed hydra
 19933 | Lair:2   | Killed an eight-headed hydra
 19952 | Lair:2   | Found a staircase to the Swamp.
 20472 | Lair:3   | Noticed an eight-headed hydra
 21082 | Lair:3   | Noticed a seven-headed hydra
 21096 | Lair:3   | Killed a seven-headed hydra
 21097 | Lair:3   | Reached XP level 13. HP: 93/108 MP: 23/33
 21202 | Lair:3   | Found a staircase to the Snake Pit.
 21643 | Lair:4   | Found a frozen archway.
 21655 | IceCv    | Entered an ice cave
 22266 | IceCv    | Reached skill level 5 in Dodging
 23549 | IceCv    | Got the Spellbook of Snow
 23722 | IceCv    | Noticed a reaper
 23746 | IceCv    | Killed a reaper
 24031 | Lair:4   | HP: 5/112 [death yak (26)]
 24031 | Lair:4   | Mangled by a death yak

Illustrated notes

Levels and vault maps discovered:
D:1:      minmay_arrival_jagged, layout_basic, serial_shops, shop,
          shapermc_ecumenical_altar_notcrosses, minmay_misc_feat_alley
D:2:      layout_basic
D:3:      layout_rooms, nicolae_overflow_crystal_walls, serial_shops, shop,
          gup_sewer_entry_bowl
D:4:      layout_basic, mainiacjoe_overflow_small_starburst,
          nicolae_ossuary_entry_ruins
D:5:      layout_loops_corners, mainiacjoe_overflow_24_doors,
          minmay_temple_entry_stoned_glass, uniq_blork_the_orc, uniq_pikel,
          uniq_menkaure
D:6:      layout_rooms, marbit_many_paths, minmay_misc_feat_columns,
          hex_intersection, hangedman_decor_points, kennysheep_doodads
D:7:      layout_loops_cross, chequers_temple_overflow_statue_of_worship
D:8:      layout_cave_pools, enter_bailey_2, special_room [special_room_orc],
          st_stairs_10, minmay_manual_mess, uniq_psyche
D:9:      layout_roguey, trog_wizard, uniq_maggie
D:10:     layout_small_grid, david_orc_4, serial_shops, shop, minivault_25,
          minivault_26, uniq_erolcha, uniq_lodul
D:11:     layout_gridville, lair_entry_dummy, hex_large,
          nicolae_sif_muna_condensation, uniq_sonja, uniq_grum
Temple:   nicolae_temple_bog_church
Lair:1:   minmay_lair_oklob_tunnel, layout_long_grid, serial_bayou_shore_b,
          uniq_erica
Lair:2:   layout_big_grid, palyth_hydra_swamp_entry
Lair:3:   layout_loops_ring, minmay_snake_entry_guardpost_small,
          infiniplex_staircase_pool_2, grunt_megastairs_4
Lair:4:   layout_hall_layers, portal_ice_cave_entry_pillars_1,
          hangedman_lair_generics_rect, infiniplex_staircase_pool

Skill      XL: |  1  2  3  4  5  6  7  8  9 10 11 12 13 |
---------------+----------------------------------------+-----
Spellcasting   | 2 3 4 5 6 7 8 9 11 12 | 12.0
Conjurations   | 4 5 6 7 8 10 12 | 12.0
Translocations | 3 |  3.0
Dodging        | 3 4 5 |  5.0
Fighting       | 5 8 9 |  9.7
Evocations     | 4 5 6 7 |  7.4
Armour         | 3 |  3.0
Stealth        | |  1.7

Action                   |  1- 3 |  4- 6 |  7- 9 | 10-12 | 13-15 || total
-------------------------+-------+-------+-------+-------+-------++-------
Melee: Dagger            |     9 |    12 |    13 |       |       ||    34
       Unarmed           |     5 |       |       |       |       ||     5
       Punch             |     1 |       |     1 |       |       ||     2
       Shortbow          |       |       |       |       |     1 ||     1
 Fire: Sling             |       |       |   156 |       |   145 ||   301
       Shortbow          |       |       |    50 |   503 |    20 ||   573
 Cast: Magic Dart        |   116 |    60 |    24 |       |       ||   200
       Searing Ray       |     5 |    26 |    32 |    11 |     4 ||    78
       Iskenderun's Myst |       |       |    43 |   126 |    50 ||   219
Evoke: Wand              |       |       |       |     3 |     2 ||     5
  Use: Potion            |       |       |     2 |       |       ||     2
       Scroll            |       |       |     6 |     5 |       ||    11
Armor: Robe              |     3 |     7 |    33 |    27 |    23 ||    93
Dodge: Dodged            |    26 |    25 |    96 |   130 |    89 ||   366
Block: Other             |       |       |     2 |    39 |       ||    41
       Reflection        |       |       |     2 |     6 |       ||     8
       Kite shield       |       |       |       |       |     2 ||     2
